 Dungeon Crawl Stone Soup version 0.21-a0 (webtiles) character file.

2082 Lexie the Destroyer (level 9, -2/51 HPs)
             Began as an Octopode Wizard on May 19, 2017.
             Was a Believer of Vehumet.
             Killed from afar by an orc wizard (8 damage)
             ... with a magic dart
             ... on level 7 of the Dungeon.
             The game lasted 00:17:08 (9169 turns).

Lexie the Destroyer (Octopode Wizard)               Turns: 9169, Time: 00:17:08

Health: -2/51      AC:  1    Str:  7    XL:     9   Next: 27%
Magic:  23/30      EV: 13    Int: 28    God:    Vehumet [**....]
Gold:   485        SH:  0    Dex: 10    Spells: 15/24 levels left

rFire    . . .     SeeInvis .   A - +0 dagger (venom)
rCold    . . .     Gourm    .   (no shield)
rNeg     . . .     Faith    .   a - +0 hat
rPois    .         Spirit   .   K - amulet of regeneration
rElec    .         Reflect  .   e - ring of magical power
rCorr    .         Harm     .   (no ring)
MR       .....                  r - +5 ring of intelligence
Stlth    +++.......             (no ring)
Regen    0.6/turn               (no ring)
MPRegen  0.3/turn               (no ring)
                                (no ring)
                                (no ring)

@: no status effects
A: almost no armour, stealthy swim, amphibious, 8 rings, constrict 8, camouflage
1, gelatinous body 1
a: Renounce Religion


You were on level 7 of the Dungeon.
You worshipped Vehumet.
Vehumet was pleased with you.
You were not hungry.

You visited 2 branches of the dungeon, and saw 8 of its levels.

You collected 485 gold pieces.

Inventory:

Hand Weapons
 g - a +0 dagger of venom
 x - a +0 blowgun
 A - a +0 dagger of venom (weapon)
Missiles
 y - 25 poisoned needles
Armour
 a - a +0 hat (worn)
Jewellery
 e - a ring of magical power (left tentacle)
 r - a +5 ring of intelligence (on tentacle)
 K - an amulet of regeneration (around mantle)
Wands
 q - a wand of confusion (22/48)
 z - a wand of flame (28/48)
Scrolls
 f - 2 scrolls of identify
 o - 2 scrolls of magic mapping {unknown}
 p - 2 scrolls of noise {unknown}
 v - 4 scrolls of enchant armour {unknown}
 w - a scroll of teleportation {unknown}
 C - a scroll of fog {unknown}
 E - a scroll of recharging {unknown}
 G - a scroll of random uselessness {unknown}
 J - 2 scrolls of fear {unknown}
 L - a scroll of enchant weapon {unknown}
Potions
 h - a potion of berserk rage {unknown}
 j - 2 potions of haste
 k - a potion of brilliance {unknown}
 l - 3 potions of curing
 m - a potion of agility {unknown}
 s - a potion of degeneration {unknown}
 B - a potion of flight {unknown}
 D - a potion of mutation {unknown}
 F - a potion of heal wounds {unknown}
Books
 b - a book of Minor Magic

   Spells                             Type                      Level
   a - Magic Dart                     Conjuration                  1
   b - Blink                          Translocation                2
   c - Call Imp                       Summoning                    2
   d - Slow                           Hexes                        2
   e - Conjure Flame                  Conjuration/Fire             3
   f - Mephitic Cloud                 Conjuration/Poison/Air       3
Comestibles
 c - 4 bread rations
 d - a chunk of flesh
 t - 7 fruits
 H - a meat ration


   Skills:
 - Level 2.0 Dodging
 - Level 2.6 Stealth
 + Level 8.2 Spellcasting
 + Level 8.5 Conjurations
   Level 1.0 Summonings
 - Level 1.0 Translocations


You had 15 spell levels left.
You knew the following spells:

 Your Spells              Type           Power        Failure   Level  Hunger
a - Magic Dart            Conj           ####         1%          1    None
b - Blink                 Tloc           N/A          4%          2    None
c - Conjure Flame         Conj/Fire      #####...     2%          3    None
d - Mephitic Cloud        Conj/Pois/Air  ####....     4%          3    None


Dungeon Overview and Level Annotations

Branches:
Dungeon (7/15)             Temple (1/1) D:4

Altars:
Ashenzari
Cheibriados
Dithmenos
Elyvilon
Fedhas
Gozag
Hepliaklqana
Makhleb
Nemelex Xobeh
Qazlal
Ru
Trog
Uskayaw
Vehumet
Wu Jian
Xom
Zin
The Shining One

Shops:
D:4 *:%

Annotations:
D:6 Sigmund


Innate Abilities, Weirdness & Mutations

You cannot wear most types of armour.
You are very stealthy in the water. (Stealth+)
You are amphibious.
You can wear up to eight rings at the same time.
You can use your tentacles to constrict eight enemies at once.
Your skin changes colour to match your surroundings (Stealth+).
Your rubbery body absorbs attacks. (AC +1, EV +1)


Message History

The wyvern zombie barely misses you.
An orc comes into view. It is wielding a club.
The wyvern zombie bites you.
Casting: Magic Dart
Confirm with . or Enter, or press ? or * to list all spells.
You blink.
An orc warrior, an orc priest and 2 orc wizards come into view.
The orc wizard gestures wildly while chanting.
The orc wizard seems to speed up.
The wyvern zombie bites you!
Casting: Blink
Confirm with . or Enter, or press ? or * to list all spells.
You blink.
The orc priest mumbles some strange prayers to Beogh against you.
Beogh smites you!
* * * LOW HITPOINT WARNING * * *
The wyvern zombie barely misses you.
The orc wizard gestures at you while chanting.
The magic dart hits you!
You die...

.....####'##.....#####..
............##+##........
............#...#........
............'...#........
............#...#........
............#...#........
............#...#..<.....
............#...#........
.....%..@.Z.#####......>.
#####+####........#######
#........# #........#
#...o....# #.....o..#
#o.......# #.....o..#
.........#


You could see an orc wizard, an orc (wandering) and a wyvern zombie.

Vanquished Creatures
  A kobold demonologist (D:3)
  An ice beast (D:5)
  A sky beast (D:5)
  A centaur (D:5)
  2 big kobolds (D:5)
  A bullfrog (D:6)
  Blork the orc (D:6)
  A water moccasin zombie (D:5)
  A water moccasin skeleton (D:5)
  3 scorpions
  2 crimson imps
  A hound (D:7)
  3 jellies
  A centaur skeleton (D:4)
  2 orc priests
  4 orc wizards
  Natasha (thrice) (D:3)
  6 worker ants
  2 hound zombies
  6 gnolls (D:5)
  2 howler monkey skeletons (D:4)
  7 adders
  4 shadow imps
  3 worms
  3 dart slugs
  6 leopard geckos
  32 orcs
  4 giant cockroaches
  38 goblins
  32 hobgoblins
  6 quokkas
  3 ball pythons
  14 bats
  2 frilled lizards (D:1)
  A jackal zombie (D:5)
  17 kobolds
  A leopard gecko skeleton (D:4)
  A quokka skeleton (D:4)
  15 rats
234 creatures vanquished.

Notes
Turn   | Place    | Note
-------+----------+-------------------------------------------
     0 | D:1      | Lexie the Octopode Wizard began the quest for the Orb.
     0 | D:1      | Reached XP level 1. HP: 11/11 MP: 4/4
   386 | D:1      | Reached XP level 2. HP: 17/17 MP: 6/6
   604 | D:1      | Found a glowing golden altar of the Shining One.
  1079 | D:1      | Reached XP level 3. HP: 21/21 MP: 7/7
  1085 | D:1      | Learned a level 2 spell: Blink
  1089 | D:1      | Learned a level 3 spell: Conjure Flame
  1340 | D:1      | Learned a level 3 spell: Mephitic Cloud
  2057 | D:2      | Reached XP level 4. HP: 27/27 MP: 9/9
  2214 | D:2      | Found a hide-covered altar of Uskayaw.
  2215 | D:2      | Found a blossoming altar of Fedhas.
  2217 | D:2      | Found a bloodstained altar of Trog.
  2239 | D:2      | Found a hazy altar of Hepliaklqana.
  2240 | D:2      | Found an opulent altar of Gozag.
  2240 | D:2      | Found a white marble altar of Elyvilon.
  2240 | D:2      | Found a burning altar of Makhleb.
  2240 | D:2      | Found a shadowy altar of Dithmenos.
  2241 | D:2      | Found a sparkling altar of Nemelex Xobeh.
  2242 | D:2      | Found a stormy altar of Qazlal.
  2243 | D:2      | Found a glowing golden altar of the Shining One.
  2245 | D:2      | Found a sacrificial altar of Ru.
  2652 | D:3      | Noticed Natasha
  2659 | D:3      | Killed Natasha
  2854 | D:3      | Reached XP level 5. HP: 31/31 MP: 11/11
  3083 | D:3      | Noticed Natasha
  3097 | D:3      | Killed Natasha
  3229 | D:3      | Noticed Natasha
  3239 | D:3      | Killed Natasha
  3549 | D:3      | Noticed a kobold demonologist
  3578 | D:3      | Reached XP level 6. HP: 36/36 MP: 13/13
  3580 | D:3      | Killed a kobold demonologist
  3580 | D:3      | Reached skill level 5 in Spellcasting
  3580 | D:3      | Reached skill level 5 in Conjurations
  3580 | D:3      | Reached XP level 7. HP: 41/41 MP: 13/15
  3952 | D:4      | Found Lakhunis's Food Shop.
  4129 | D:4      | Found Xusicepoc's Assorted Antiques.
  4140 | D:4      | Found Geiruvug's Gadget Emporium.
  4210 | D:4      | Found Rax Veo's Book Boutique.
  4732 | D:4      | Found a staircase to the Ecumenical Temple.
  4846 | Temple   | Entered the Ecumenical Temple
  4876 | Temple   | Became a worshipper of Vehumet
  4932 | D:5      | Entered Level 5 of the Dungeon
  5267 | D:5      | Reached XP level 8. HP: 46/46 MP: 17/17
  6539 | D:5      | Reached * piety under Vehumet
  6539 | D:5      | Offered knowledge of Shock by Vehumet.
  7648 | D:5      | Reached ** piety under Vehumet
  7648 | D:5      | Offered knowledge of Flame Tongue by Vehumet.
  7867 | D:5      | Reached XP level 9. HP: 41/51 MP: 20/20
  8080 | D:6      | Noticed Blork the orc
  8093 | D:6      | Killed Blork the orc
  8444 | D:6      | Found a snail-covered altar of Cheibriados.
  8930 | D:6      | Offered knowledge of Searing Ray by Vehumet.
  8963 | D:6      | Noticed Sigmund
  9169 | D:7      | Killed from afar by an orc wizard

Vault maps used:
D:1:      elethiomel_arrival_diamonds, tso_metal_star
D:2:      minitemple
D:3:      gammafunk_wand_slinger, minmay_randomly_rotated_circles, uniq_natasha
D:4:      minmay_temple_entry_enclosed_plants, serial_shops,
          nicolae_shop_behind_doors,
          nicolae_shop_temple_entry_statues_fountains, shop,
          nicolae_shop_overgrown_old_shop
D:5:      minmay_goblin_kobold_castle, cheibrodos_sewer_entry_sluice,
          first_bread, minmay_tree_intersection
D:6:      nicolae_whirlpool, basic_altar, uniq_blork_the_orc, uniq_sigmund,
          uniq_eustachio
Temple:   cyrus_temple_forest

Skill      XL: |  1  2  3  4  5  6  7  8  9 |
---------------+----------------------------+-----
Conjurations   | 2 3 4 5 6 8 |  8.5
Spellcasting   | 4 5 6 7 8 |  8.2
Dodging        | |  2.0
Stealth        | |  2.6
Summonings     | |  1.0
Translocations | |  1.0

Action                   |  1- 3 |  4- 6 |  7- 9 || total
-------------------------+-------+-------+-------++-------
Melee: Unarmed           |     8 |       |       ||     8
       Constrict         |     6 |     3 |     4 ||    13
       Tentacles         |     3 |     1 |     5 ||     9
       Dagger            |     9 |    13 |    21 ||    43
 Cast: Magic Dart        |    98 |    90 |   470 ||   658
       Conjure Flame     |     1 |       |     6 ||     7
       Mephitic Cloud    |       |     4 |    14 ||    18
       Blink             |       |       |     4 ||     4
  Use: Scroll            |       |       |     4 ||     4
 Stab: Sleeping          |     1 |       |     2 ||     3
       Confused          |       |     1 |       ||     1
  Eat: Chunk             |     3 |     5 |    17 ||    25
Armor: Skin              |     7 |     4 |     4 ||    15
Dodge: Dodged            |    18 |     8 |    65 ||    91
